 Seeded DCSS version 0.25.1-1-g288607f (webtiles) character file.

Game seed: 117 (custom seed)

245 Ayyar the Grasshopper (level 6, -1/50 HPs)
             Began as a Gnoll Warper on Aug 20, 2020.
             Killed from afar by an orc wizard (5 damage)
             ... with a magic dart
             ... on level 4 of the Dungeon.
             The game lasted 00:13:19 (3285 turns).

Ayyar the Grasshopper (Gnoll Warper)                Turns: 3285, Time: 00:13:19

Health: -1/50      AC:  7    Str: 12 (15) XL:     6   Next: 10%
Magic:  13/13      EV: 12    Int: 13 (15) God:
Gold:   74         SH:  4    Dex: 12 (15) Spells: 10/15 levels left

rFire    . . .     SeeInvis .   h - +3 short sword
rCold    . . .     Gourm    .   u - +0 buckler
rNeg     . . .     Faith    .   j - +0 ring mail
rPois    .         Spirit   .   t - +0 helmet
rElec    .         Reflect  .   i - +0 cloak
rCorr    .         Harm     .   (no gloves)
MR       .....                  (no boots)
Stlth    +.........             (no amulet)
HPRegen  0.16/turn              (no ring)
MPRegen  0.13/turn              (no ring)

@: slowed, very slow
A: distributed training, fangs 1, strong nose
a: no special abilities


You were on level 4 of the Dungeon.
You were not hungry.

You visited 1 branch of the dungeon, and saw 4 of its levels.

You collected 74 gold pieces.

Inventory:

Hand Weapons
 h - a +3 short sword (weapon)
 n - a +0 dagger
 o - a +1 mace of holy wrath
Missiles
 e - 5 boomerangs of dispersal
 x - 25 poisoned darts (quivered)
 y - 95 stones
Armour
 i - a +0 cloak (worn)
 j - a +0 ring mail (worn)
 m - a +0 scale mail
 t - a +0 helmet (worn)
 u - a +0 buckler (worn)
Jewellery
 c - an uncursed amulet of guardian spirit {unknown}
 s - an uncursed ring of flight {unknown}
Wands
 r - a wand of flame (19)
 B - a wand of digging (7)
Scrolls
 a - a scroll of fear {unknown}
 b - 2 scrolls of enchant weapon {unknown}
 d - a scroll of blinking
 l - a scroll of amnesia {unknown}
 p - 2 scrolls of teleportation {unknown}
 q - 5 scrolls of identify {unknown}
 w - a scroll of remove curse {unknown}
Potions
 g - a potion of magic {unknown}
 k - a potion of heal wounds {unknown}
 v - a potion of stabbing {unknown}
 z - 2 potions of haste
Comestibles
 f - 7 rations
 A - 3 chunks of flesh


   Skills:
 + Level 4.9 Fighting
 + Level 1.7 Short Blades
 + Level 1.7 Long Blades
 + Level 1.7 Axes
 + Level 1.7 Maces & Flails
 + Level 4.9 Polearms
 + Level 1.7 Staves
 + Level 1.7 Slings
 + Level 1.7 Bows
 + Level 1.7 Crossbows
 + Level 3.1 Throwing
 + Level 3.1 Armour
 + Level 4.9 Dodging
 + Level 1.7 Stealth
 + Level 1.7 Shields
 + Level 1.7 Unarmed Combat
 + Level 5.3 Spellcasting
 + Level 1.3 Conjurations
 + Level 1.3 Hexes
 + Level 1.3 Charms
 + Level 1.3 Summonings
 + Level 1.3 Necromancy
 + Level 5.6 Translocations
 + Level 1.3 Transmutations
 + Level 1.3 Fire Magic
 + Level 1.3 Ice Magic
 + Level 1.3 Air Magic
 + Level 1.3 Earth Magic
 + Level 1.3 Poison Magic
 + Level 2.0 Invocations
 + Level 1.7 Evocations


You had 10 spell levels left.
You knew the following spells:

 Your Spells              Type           Power        Failure   Level  Hunger
a - Blink                 Tloc           N/A          8%          2    ##.....
b - Teleport Other        Tloc           ###.....     16%         3    ###....

Your spell library contained the following spells:

 Spells                   Type           Power        Failure   Level  Hunger
 Gell's Gravitas          Tloc           ###.......   16%         3    ###....
 Lesser Beckoning         Tloc           ###.......   16%         3    ###....
 Shroud of Golubria       Chrm/Tloc      ##....       19%         2    ##.....
 Passage of Golubria      Tloc           N/A          45%         4    ####...


Dungeon Overview and Level Annotations

Branches:
Dungeon (4/15)
 Temple: D:4-7

Altars:
Xom


Innate Abilities, Weirdness & Mutations

Your experience applies equally to all skills.
You have very sharp teeth.
Your uncanny sense of smell can sniff out nearby items.


Message History

The orc wizard is no longer moving quickly.
The orc wizard mumbles some strange words.
The orc wizard blinks!
An orc wizard appears from thin air!
Reactivating autopickup.
The orc wizard hits you but does no damage.
The orc wizard casts a spell.
The orc wizard blinks!
You hit the orc wizard but do no damage.
You bite the orc wizard.
The orc wizard is moderately wounded.
You block the orc wizard's attack.
The orc wizard points at you and mumbles some strange words.
The magic dart hits you.
* * * LOW HITPOINT WARNING * * *
The orc wizard hits you with a +0 dagger.
* * * LOW HITPOINT WARNING * * *
The orc wizard casts a spell at you. The magic dart hits you.
You die...

######## #######......#
###........###.# ...........#
#.## ...........##.#.####
.....#..#..#.###@o.###########
#.##.#.###....#o.o.(.........#
#<##.#..#..###.###.#########.#
...........# ## #.# #.#
..#.#####..#######.#########.#
###.# ...................#o#
#.# .#######.#######.#.# #.# #
###.# #.# #.# ∆∆ ..#.# #.#


You could see 2 orc wizards and an orc.

Vanquished Creatures
  A hound (D:4)
  Ijyb (D:4)
  Terence (D:3)
  An orc wizard (D:4)
  A worker ant (D:4)
  Robin (D:3)
  2 adders
  2 worms
  2 dart slugs
  2 leopard geckos
  10 orcs
  A ball python (D:3)
  2 giant cockroaches
  17 goblins
  6 hobgoblins
  4 kobolds
  A quokka (D:2)
  3 bats
  4 frilled lizards
  3 rats
65 creatures vanquished.

Notes
Turn   | Place    | Note
-------+----------+-------------------------------------------
     0 | D:1      | Ayyar the Gnoll Warper began the quest for the Orb.
     0 | D:1      | Reached XP level 1. HP: 20/20 MP: 6/6
   225 | D:1      | Reached XP level 2. HP: 21/26 MP: 7/7
   926 | D:1      | Reached XP level 3. HP: 22/31 MP: 9/9
  1022 | D:1      | Reached skill level 5 in Spellcasting
  1233 | D:2      | Reached skill level 1 in Invocations
  1359 | D:2      | Reached skill level 1 in Short Blades
  1359 | D:2      | Reached skill level 1 in Long Blades
  1359 | D:2      | Reached skill level 1 in Axes
  1359 | D:2      | Reached skill level 1 in Maces & Flails
  1359 | D:2      | Reached skill level 1 in Staves
  1359 | D:2      | Reached skill level 1 in Slings
  1359 | D:2      | Reached skill level 1 in Bows
  1359 | D:2      | Reached skill level 1 in Crossbows
  1359 | D:2      | Reached skill level 1 in Stealth
  1359 | D:2      | Reached skill level 1 in Shields
  1359 | D:2      | Reached skill level 1 in Unarmed Combat
  1359 | D:2      | Reached skill level 1 in Evocations
  1677 | D:3      | Reached XP level 4. HP: 34/38 MP: 11/11
  1850 | D:3      | Noticed Robin
  2013 | D:3      | Killed Robin
  2013 | D:3      | Reached skill level 1 in Conjurations
  2013 | D:3      | Reached skill level 1 in Hexes
  2013 | D:3      | Reached skill level 1 in Charms
  2013 | D:3      | Reached skill level 1 in Summonings
  2013 | D:3      | Reached skill level 1 in Necromancy
  2013 | D:3      | Reached skill level 1 in Transmutations
  2013 | D:3      | Reached skill level 1 in Fire Magic
  2013 | D:3      | Reached skill level 1 in Ice Magic
  2013 | D:3      | Reached skill level 1 in Air Magic
  2013 | D:3      | Reached skill level 1 in Earth Magic
  2013 | D:3      | Reached skill level 1 in Poison Magic
  2094 | D:3      | Learned a level 2 spell: Blink
  2098 | D:3      | Learned a level 3 spell: Teleport Other
  2405 | D:3      | Noticed Terence
  2435 | D:3      | Killed Terence
  2435 | D:3      | Reached XP level 5. HP: 31/43 MP: 12/12
  3091 | D:4      | Found a shimmering altar of Xom.
  3093 | D:4      | Noticed Ijyb
  3119 | D:4      | Killed Ijyb
  3154 | D:4      | Reached XP level 6. HP: 11/50 MP: 13/13
  3285 | D:4      | Killed from afar by an orc wizard

Illustrated notes

Levels and vault maps discovered:
D:1:      onia_arrival_mini_spirals, layout_basic
D:2:      layout_rooms, first_ration, serial_bayou_pond_a
D:3:      wander_river, layout_basic, kennysheep_generic_room_11, uniq_terence,
          uniq_robin
D:4:      layout_loops_ring, minmay_temple_entry_junction_2,
          biasface_ghost_orc_armoury, serial_shops, shop, xom_teletrap_fun,
          uniq_ijyb

Skill      XL: |  1  2  3  4  5 |
---------------+----------------+-----
Spellcasting   | 5 |  5.3
Invocations    | 1 2 |  2.0
Short Blades   | 1 |  1.7
Long Blades    | 1 |  1.7
Axes           | 1 |  1.7
Maces & Flails | 1 |  1.7
Staves         | 1 |  1.7
Slings         | 1 |  1.7
Bows           | 1 |  1.7
Crossbows      | 1 |  1.7
Stealth        | 1 |  1.7
Shields        | 1 |  1.7
Unarmed Combat | 1 |  1.7
Evocations     | 1 |  1.7
Conjurations   | 1 |  1.3
Hexes          | 1 |  1.3
Charms         | 1 |  1.3
Summonings     | 1 |  1.3
Necromancy     | 1 |  1.3
Transmutations | 1 |  1.3
Fire Magic     | 1 |  1.3
Ice Magic      | 1 |  1.3
Air Magic      | 1 |  1.3
Earth Magic    | 1 |  1.3
Poison Magic   | 1 |  1.3
Throwing       | 3 |  3.1
Armour         | 3 |  3.1
Fighting       | |  4.9
Polearms       | |  4.9
Dodging        | |  4.9
Translocations | |  5.6

Action                   |  1- 3 |  4- 6 || total
-------------------------+-------+-------++-------
Melee: Spear             |     9 |       ||     9
       Short sword       |    85 |   154 ||   239
       Bite              |    12 |    15 ||    27
       Punch             |     1 |       ||     1
Throw: Dart              |       |     7 ||     7
 Cast: Blink             |       |     2 ||     2
  Use: Potion            |       |     1 ||     1
 Stab: Sleeping          |       |     1 ||     1
  Eat: Chunk             |     2 |     6 ||     8
Armor: Leather armour    |     6 |       ||     6
       Ring mail         |    23 |    48 ||    71
Dodge: Dodged            |    59 |    87 ||   146
Block: Buckler           |       |    17 ||    17
